Cogmind - Beta 13 @@@ ROGUE MODE // 2024.04.21 @ 12:39:47 Player: Gabe+Kate4EVR Result: Destroyed by G-50 Soldier with Backup Laser III Performance ------------- Evolutions (2) 1000 Regions Visited (5) 1000 Robots Destroyed (87) 435 Value Destroyed (3210) 3210 Prototype IDs (1) 20 Alien Tech Used (0) 0 Bonus (1626) 1626 TOTAL SCORE: 7291 Bonus ------- High Alert Combat Kills 853 Follower Combat Kills 73 Entered Garrisons 200 Used RIF Installer 500 Cogmind --------- Core Integrity 0/550 Matter 3/300 Energy 56/100 System Corruption 1% Temperature Cool (82) Movement Treading (250) Ox1 Location -8/Materials Parts ------- > --- POWER (1) -------- (None) > --- PROPULSION (4) --- Armored Medium Treads Heavy Treads > --- UTILITY (4) ------ Improved Coolant Injector Medium Storage Unit Improved Transmission Jammer Advanced Hacking Suite > --- WEAPON (2) ------- Advanced Assault Cannon Hypervelocity Gauss Cannon > --- INVENTORY (10) --- Light Nuclear Core Improved Deuterium Engine Armored Treads Improved Medium Treads Improved Medium Treads Advanced Plasma Cannon Improved Remote Datajack Peak State ------------ > --- POWER ------------ Reinforced Deuterium Engine > --- PROPULSION ------- Improved Medium Treads Armored Medium Treads Heavy Treads > --- UTILITY ---------- Improved Heat Sink Medium Storage Unit Layered Medium Armor Plating Advanced Hacking Suite > --- WEAPON ----------- Heavy Machine Gun Hypervelocity Gauss Cannon > --- INVENTORY -------- Light Nuclear Core Improved Medium Treads Improved Medium Treads Improved Coolant Injector Improved Transmission Jammer Advanced Plasma Cannon Advanced Assault Cannon Magnetic Acceleration Cannon Improved Remote Datajack Lance [Rating: 58] Favorites ----------- Power Micro Nuclear Core Engine Reinforced Deuterium Engine Power Core Micro Nuclear Core Propulsion Aluminum Leg Treads Heavy Treads Leg Aluminum Leg Wheel Wheel Utility Medium Storage Unit Device Improved Heat Sink Storage Medium Storage Unit Processor Targeting Computer Hackware Advanced Hacking Suite Protection Layered Medium Armor Plating Weapon Advanced Assault Cannon Energy Cannon Advanced Beam Cannon Ballistic Gun Light Assault Rifle Ballistic Cannon Advanced Assault Cannon Launcher Grenade Launcher Build | -11 -10 -9 -8 -8 -8 ------- Run | Yrd Mat Mat Mat Gar Mat Slots Evolved 4 | . . 2 2 . . Power . | . . . . . . Propulsion 2 | . . 2 . . . Utility 2 | . . . 2 . . Weapon . | . . . . . . Parts Attached 77 | 7 4 21 7 32 6 Power 7 | 1 . 1 2 3 . Engine 3 | 1 . 1 . 1 . Core 4 | . . . 2 2 . Reactor . | . . . . . . Propulsion 25 | 2 . 11 1 8 3 Treads 8 | . . . . 5 3 Leg 12 | 2 . 6 1 3 . Wheel 5 | . . 5 . . . Hover . | . . . . . . Flight . | . . . . . . Utility 22 | 2 4 2 4 8 2 Device 11 | 1 2 1 2 3 2 Storage 2 | 1 1 . . . . Processor 2 | . . . 1 1 . Hackware 1 | . . . . 1 . Protection 6 | . 1 1 1 3 . Artifact . | . . . . . . Weapon 23 | 2 . 7 . 13 1 Energy Gun . | . . . . . . Energy Cannon 3 | . . 3 . . . Ballistic Gun 7 | 2 . 2 . 3 . Ballistic Cannon 9 | . . 2 . 6 1 Launcher 4 | . . . . 4 . Special Weapon . | . . . . . . Impact Weapon . | . . . . . . Slashing Weapon . | . . . . . . Piercing Weapon . | . . . . . . Special Melee Weapon . | . . . . . . Unidentified Prototypes 1 | . . 1 . . . Parts Lost 13 | . . 2 2 4 5 Power 2 | . . 1 . . 1 Propulsion 3 | . . 1 . 1 1 Utility 6 | . . . 1 3 2 Weapon 2 | . . . 1 . 1 Highest Loss Streak 4 | . . 1 1 1 4 To Critical Strikes . | . . . . . . Average Slot Usage (%) 93 | . 99 90 96 94 86 Engine 5 | . 14 10 4 2 8 Core 3 | . . . 4 6 . Treads 8 | . . . . 8 24 Leg 19 | . 28 7 36 23 . Wheel 4 | . . 29 . . . Device 10 | . 8 . 13 13 9 Storage 9 | . 14 11 9 9 9 Hackware 2 | . . . . 2 9 Protection 8 | . 5 10 6 7 7 Energy Cannon 1 | . . 9 . . . Ballistic Gun 6 | . 28 6 9 1 7 Ballistic Cannon 10 | . . 4 9 14 10 Naked Turns . | . . . . . . Heaviest Build 50 | 13 20 28 29 49 50 Greatest Support 127 | 20 20 46 46 127 127 Greatest Overweight (x) 1 | . . 1 . 1 1 Average Overweight (x) . | . . . . . . Largest Inventory Capacity 10 | 8 10 10 10 10 10 Average Capacity 9 | 6 9 10 10 10 10 Most Carried 10 | 1 10 10 10 10 10 Average Carried 9 | . 7 9 9 9 8 Final Capacity 10 | 8 10 10 10 10 10 Final Carried 10 | 1 10 10 10 10 7 Class Distribution -------------------- 55% | Mutant 44% | Scavenger-Mutant Dominant Class ---------------- Mutant | -10/Materials Mutant | -9/Materials Scavenger-Mutant | -8/Materials Scavenger-Mutant | -8/Garrison Mutant | -8/Materials Resources | -11 -10 -9 -8 -8 -8 ----------- Run | Yrd Mat Mat Mat Gar Mat Matter Collected 2600 | 171 173 361 252 1098 545 Remotely 496 | 108 105 . 248 35 . Salvage Created 2579 | 63 194 681 172 767 702 Parts 179 | 3 12 42 17 56 49 Haulers Intercepted 2 | . 1 1 . . . Recyclers Shooed 2 | . 2 . . . . Parts Field Recycled . | . . . . . . Retrieved Matter . | . . . . . . Parts Self-Destructed . | . . . . . . Prevented . | . . . . . . Kills | -11 -10 -9 -8 -8 -8 ------- Run | Yrd Mat Mat Mat Gar Mat Combat Hostiles Destroyed 70 | . 3 12 8 30 17 Melee 1 | . . . . 1 . Guns 9 | . 3 2 2 . 2 Cannons 57 | . . 10 6 26 15 AOE 3 | . . . . 3 . Classes Destroyed 18 | 1 3 7 . 3 4 Worker 6 | . 1 3 . . 2 Builder 4 | . . 2 . . 2 Tunneler 2 | . . 1 . . 1 Hauler 2 | . 1 1 . . . Recycler 2 | 1 1 . . . . Watcher 1 | . . 1 . . . Swarmer 19 | . 3 . 4 9 3 Cutter 2 | . . . . 2 . Grunt 29 | . . 6 4 10 9 Brawler 1 | . . 1 . . . Duelist 1 | . . 1 . . . Protector 1 | . . . . . 1 Sentry 10 | . . 4 . 6 . Specialist 2 | . . . . . 2 Hunter 1 | . . . . . 1 Programmer 2 | . . . . 2 . Heavy 1 | . . . . . 1 Behemoth 1 | . . . . 1 . Best Kill Streak 10 | 1 4 6 5 5 10 Combat Bots Only 7 | . 3 2 5 5 7 Max Kills in Single Turn 3 | 1 1 1 2 3 2 Gunslinging . | . . . . . . Exploded 2 | . . . . 2 . Melee 1 | . . . . 1 . Uniques/NPCs Destroyed . | . . . . . . Combat | -11 -10 -9 -8 -8 -8 -------- Run | Yrd Mat Mat Mat Gar Mat Hostile Shots Fired 484 | . 40 65 44 153 182 Missed 142 | . 12 21 14 54 41 Damage Taken 4892 | . 289 753 398 1010 2442 Core 740 | . 52 131 79 134 344 Absorbed by Shields . | . . . . . . Redirected to Shielding 54 | . . . . 54 . Regen/Repaired (Parts) 496 | . . 134 . . 362 Core Remaining (%) 82 | 100 79 67 . . . Volleys Fired 249 | 3 18 59 25 85 59 Largest 2 | 2 2 2 2 2 2 Hottest 136 | 40 40 136 62 96 109 Shots Fired 478 | 6 36 102 50 167 117 Gun 144 | 6 36 31 25 4 42 Cannon 329 | . . 71 25 158 75 Launcher 5 | . . . . 5 . Special . | . . . . . . Kinetic 424 | 6 36 53 50 162 117 Thermal 49 | . . 49 . . . Explosive 5 | . . . . 5 . Electromagnetic . | . . . . . . Robot Hit Streak 11 | 2 6 11 11 7 11 Robot Miss Streak 4 | 2 4 4 3 3 4 Penetration Max 1 | . . . . . 1 Secondary Targets . | . . . . . . Shots Hit Robots 259 | 3 22 62 31 68 73 Core Hits 148 | 2 14 23 13 60 36 Critical Kills 13 | . . 1 . . 12 Critical Parts Destroyed 13 | . . . . . 13 Critical Strikes 36 | . . 1 2 8 25 Meltdown 1 | . . 1 . . . Destroy 25 | . . . . . 25 Blast 10 | . . . 2 8 . Melee Attacks . | . . . . . . Impact . | . . . . . . Slashing . | . . . . . . Piercing . | . . . . . . Sneak Attacks . | . . . . . . Combat Hostiles . | . . . . . . Follow-up Attacks . | . . . . . . Damage Inflicted 5708 | 22 228 1149 559 2322 1428 Guns 978 | 22 221 211 162 . 362 Cannons 4265 | . . 938 397 1879 1051 Explosions 118 | . . . . 118 . Melee . | . . . . . . Ramming 347 | . 7 . . 325 15 Kinetic 4550 | 22 221 474 559 1861 1413 Thermal 675 | . . 675 . . . Explosive 118 | . . . . 118 . Electromagnetic . | . . . . . . Impact 18 | . . . . 18 . Slashing . | . . . . . . Piercing . | . . . . . . Highest Corruption 2 | . . 2 . 1 1 Average Corruption 1 | . . 2 . 1 1 Corruption Purged . | . . . . . . Corruption Blocked . | . . . . . . Effects 23 | . . . . 21 2 Message Errors 6 | . . . . 6 . Matter Fused 9 | . . . . 8 1 Heat Flow Errors 2 | . . . . 1 1 Energy Discharges 1 | . . . . 1 . Parts Rejected 1 | . . . . 1 . Data Loss (minor) 1 | . . . . 1 . Data Loss (major) 1 | . . . . 1 . Misfires 1 | . . . . 1 . Weapon Failures 1 | . . . . 1 . Overload Shots . | . . . . . . Overflow Damage 6 | . . . 4 1 1 Projectiles 5 | . . . 4 . 1 Explosions . | . . . . . . Melee 1 | . . . . 1 . Knockbacks 43 | . . 2 6 16 19 Impact . | . . . . . . Kinetic 38 | . . 2 5 15 16 Secondary 5 | . . . 1 1 3 Self-Inflicted Damage 28 | . . . . 28 . Shots 1 | . . . . 1 . Rammed 110 | . . . . 104 6 Targets Rammed 111 | . 1 . . 104 6 Kicked 1 | . 1 . . . . Crushed . | . . . . . . Highest Temperature 703 | . 19 445 57 120 703 Average Temperature 95 | . 10 124 16 13 117 Received Heat Transfer 1851 | . 102 198 180 309 1062 Effects 16 | . . 6 . . 10 Shutdowns 2 | . . . . . 2 Energy Bleed 3 | . . 2 . . 1 Interference 3 | . . 1 . . 2 Matter Decay 5 | . . 1 . . 4 Short Circuit 1 | . . . . . 1 Damage (major) 2 | . . 2 . . . Siege Activations . | . . . . . . Robots Corrupted . | . . . . . . Combat Hostiles . | . . . . . . Parts Fried . | . . . . . . Impact Corruptions 2 | . . . . 2 . Robots Melted 1 | . . 1 . . . Combat Hostiles . | . . . . . . Parts Melted 7 | . . 5 . . 2 Heat Transferred 1295 | . . 1295 . . . Parts Sabotaged . | . . . . . . Parts Stolen . | . . . . . . Parts Stripped . | . . . . . . Power Chain Reactions . | . . . . . . Alert | -11 -10 -9 -8 -8 -8 ------- Run | Yrd Mat Mat Mat Gar Mat Peak Influence 2195 | 5 85 258 307 2195 1354 Initial 1069 | . 3 1 45 198 1069 Average 845 | 1 45 114 181 1208 1210 Maximum Alert Level 5 | . . 1 1 5 4 Low Security (%) 27 | 100 100 79 45 1 . Level 1 13 | . . 20 54 12 . Level 2 7 | . . . . 12 . Level 3 11 | . . . . 14 32 Level 4 23 | . . . . 28 67 Level 5 16 | . . . . 29 . High Security . | . . . . . . Max Security . | . . . . . . Squads Dispatched 7 | . . 1 2 . 4 Investigation 1 | . . 1 . . . Extermination . | . . . . . . Reinforcement 5 | . . . 2 . 3 Assault 1 | . . . . . 1 Garrison . | . . . . . . Intercept . | . . . . . . Searches Triggered . | . . . . . . Construction Impeded . | . . . . . . Haulers Reinforced . | . . . . . . Active Scanning Responses . | . . . . . . Cargo Convoy Interrupts . | . . . . . . Stealth | -11 -10 -9 -8 -8 -8 --------- Run | Yrd Mat Mat Mat Gar Mat Distress Signals 4 | . 2 1 . . 1 Communications Jammed 28 | . . . . . 28 Distress Signals 28 | . . . . . 28 Times Spotted 127 | . 12 18 16 47 34 Peak Tracking Total 8 | . 8 5 7 7 6 Tactical Retreats 18 | . . . 3 13 2 Traps | -11 -10 -9 -8 -8 -8 ------- Run | Yrd Mat Mat Mat Gar Mat Traps Triggered 9 | . . 2 . 6 1 Indirectly . | . . . . . . Trap Hack Attempts . | . . . . . . Triggered . | . . . . . . Disarmed . | . . . . . . Reprogrammed . | . . . . . . Reused 4 | . . . . 4 . Traps Extracted . | . . . . . . Installed 4 | . . . . 4 . Triggered 4 | . . . . 4 . Most Traps Carried 4 | . . . . 4 . Machines | -11 -10 -9 -8 -8 -8 ---------- Run | Yrd Mat Mat Mat Gar Mat Machines Disabled 6 | . . . 1 4 1 Max in Single Turn 1 | . . . 1 1 1 Garrison Relay 3 | . . . . 3 . Machines Repaired . | . . . . . . Machines Dismantled . | . . . . . . Machines Sabotaged . | . . . . . . Overloaded Fab Kills . | . . . . . . Hacking | -11 -10 -9 -8 -8 -8 --------- Run | Yrd Mat Mat Mat Gar Mat Machines Accessed 9 | . 1 2 1 3 2 Terminals 3 | . . . . 3 . Fabricators . | . . . . . . Repair Stations 3 | . . 2 . . 1 Recycling Units 1 | . 1 . . . . Scanalyzers 1 | . . . . . 1 Garrison Access 1 | . . . 1 . . Total Hacks 24 | . 3 5 2 5 9 Successful 17 | . 3 2 1 3 8 Failed 7 | . . 3 1 2 1 Catastrophic 1 | . . . . 1 . Database Lockouts . | . . . . . . Manual . | . . . . . . Terminals 5 | . . . . 5 . Fabricators . | . . . . . . Repair Stations 7 | . . 5 . . 2 Recycling Units 3 | . 3 . . . . Scanalyzers 7 | . . . . . 7 Garrison Access 2 | . . . 2 . . Terminal Hacks 3 | . . . . 3 . Open Door 1 | . . . . 1 . Emergency Access Points 1 | . . . . 1 . Garrison Registry 1 | . . . . 1 . Fabricator Hacks . | . . . . . . Repair Station Hacks 4 | . . 2 . . 2 Scan Component 2 | . . 1 . . 1 Repair 2 | . . 1 . . 1 Recycling Unit Hacks 3 | . 3 . . . . Report Inventory 2 | . 2 . . . . Retrieve Components 1 | . 1 . . . . Scanalyzer 6 | . . . . . 6 Insert Component 3 | . . . . . 3 Analyze 3 | . . . . . 3 Garrison Access Hacks 1 | . . . 1 . . Unlock Access 1 | . . . 1 . . Unauthorized Hacks . | . . . . . . Terminals . | . . . . . . Fabricators . | . . . . . . Repair Stations . | . . . . . . Recycling Units . | . . . . . . Scanalyzers . | . . . . . . Garrison Access . | . . . . . . Data Cores Recovered . | . . . . . . Used . | . . . . . . Hacking Detections 7 | . 1 1 1 2 2 Full Trace Events 2 | . . . . 1 1 Feedback Events . | . . . . . . Feedback Blocked . | . . . . . . Robot Schematics Acquired . | . . . . . . Robots Built . | . . . . . . Authchips . | . . . . . . Time . | . . . . . . Total Robot Build Rating . | . . . . . . Part Schematics Acquired 2 | . . . . . 2 Parts Built . | . . . . . . Authchips . | . . . . . . Time . | . . . . . . Total Part Build Rating . | . . . . . . Parts Repaired 2 | . . 1 . . 1 Time 60 | . . 32 . . 28 Parts Recycled . | . . . . . . Recycled Matter . | . . . . . . Retrieved Matter . | . . . . . . Retrieved Components 3 | . 3 . . . . Parts Scanalyzed 2 | . . . . . 2 Part Schematics Acquired 2 | . . . . . 2 Parts Damaged 1 | . . . . . 1 Bothacking | -11 -10 -9 -8 -8 -8 ------------ Run | Yrd Mat Mat Mat Gar Mat Used RIF Installer 1 | . . . . 1 . Robots Hacked . | . . . . . . Non-combat . | . . . . . . Combat . | . . . . . . Robot Hacks Applied . | . . . . . . Relay Couplers Released 14 | . . . . 14 . Machine Destruction 14 | . . . . 14 . Fabnet Peak Effective % . | . . . . . . Robots Rewired . | . . . . . . Allies Hacked . | . . . . . . Hacks Repelled . | . . . . . . Allies | -11 -10 -9 -8 -8 -8 -------- Run | Yrd Mat Mat Mat Gar Mat Total Allies 1 | . . . . 1 . Largest Group 1 | . . . . 1 . Highest-Rated Group 31 | . . . . 31 . Highest-Rated Ally 31 | . . . . 31 . Total Orders . | . . . . . . Ally Attacks 10 | . . . . 10 . Total Damage 150 | . . . . 150 . Kills 3 | . . . . 3 . Allies Corrupted . | . . . . . . Allies Melted . | . . . . . . Intel | -11 -10 -9 -8 -8 -8 ------- Run | Yrd Mat Mat Mat Gar Mat Robot Analysis Total . | . . . . . . Derelict Logs Recovered . | . . . . . . Drone Launches . | . . . . . . Drone Recoveries . | . . . . . . Exploration | -11 -10 -9 -8 -8 -8 ------------- Run | Yrd Mat Mat Mat Gar Mat Turns Passed 5130 | 73 490 854 263 2842 608 Spaces Moved 2843 | 49 353 636 139 1445 221 Core 8 | 8 . . . . . Treads 652 | . . . . 431 221 Legs 1685 | 41 353 138 139 1014 . Wheels 498 | . . 498 . . . Hover . | . . . . . . Flight . | . . . . . . Fastest Speed 50 | 50 120 80 120 120 160 Average Speed 124 | 108 120 94 120 133 168 Slowest Speed 250 | 120 120 190 120 250 250 Overloaded Moves . | . . . . . . Propulsion Burnouts . | . . . . . . Robots Hopped . | . . . . . . Cave-ins Triggered . | . . . . . . Exploration Rate (%) 35 | 3 38 48 11 89 23 Regions Visited 5 Branch Regions . Pre-discovered Areas . | . . . . . . Known Exits Taken 1 | . . . 1 . . Unknown Exits Taken 3 | 1 1 1 . . . Scrap Searched . | . . . . . . Spaces Dug 9 | . . . . 9 . Terrain Destroyed 32 | . . 3 . 20 9 Melee . | . . . . . . Projectile 13 | . . 3 . 1 9 AOE 19 | . . . . 19 . Terrain Rammed . | . . . . . . Walls Destroyed . | . . . . . . Machines Disabled . | . . . . . . Actions | -11 -10 -9 -8 -8 -8 --------- Run | Yrd Mat Mat Mat Gar Mat Total 3913 | 60 392 798 185 2138 340 Wait 490 | 1 3 48 8 390 40 Move 2836 | 48 352 635 138 1442 221 Hop . | . . . . . . Pick Up 43 | 1 9 11 1 18 3 Fast Attach 46 | 7 2 15 5 15 2 Attach 9 | . . 3 . 2 4 Detach 6 | . 1 1 1 2 1 Swap 22 | . 2 3 2 15 . Drop 71 | . 4 23 5 35 4 Fire 249 | 3 18 59 25 85 59 Melee . | . . . . . . Ram . | . . . . . . Kick 1 | . 1 . . . . Crush 110 | . . . . 104 6 Escape Stasis 15 | . . . . 15 . Rewire 11 | . . . . 11 . Trap 4 | . . . . 4 . Miscellaneous . | . . . . . . Route ------- -11/Scrapyard -10/Materials (discovered 2 exits: *Mat / [*Min]) -9/Materials -8/Materials -8/Garrison (discovered 3 exits: *Mat x3) -8/Materials History --------- Turn | Location | Event 8 | -11/Scrapyard | Discovered new exit (range 16) 74 | -11/Scrapyard | Entered Materials 304 | -10/Materials | Build established: Mutant 341 | -10/Materials | Discovered new exit (range 15) 489 | -10/Materials | Discovered new exit (range 12) 564 | -10/Materials | Entered another Materials area 564 | -9/Materials | Evolved 2 slots: Propulsion x2 1240 | -9/Materials | Repaired Imp. Light Cannon 1388 | -9/Materials | Discovered new exit (range 11) 1418 | -9/Materials | Entered another Materials area 1418 | -8/Materials | Evolved 2 slots: Utility x2 1625 | -8/Materials | Build established: Scavenger-Mutant 1667 | -8/Materials | Identified exit to Garrison 1681 | -8/Materials | Entered Garrison 1925 | -8/Garrison | Triggered checkpoint 1979 | -8/Garrison | Garrison Relay disabled 2073 | -8/Garrison | Triggered checkpoint 2359 | -8/Garrison | Triggered checkpoint 2363 | -8/Garrison | Triggered checkpoint 2365 | -8/Garrison | Triggered checkpoint 2547 | -8/Garrison | Discovered new exit (range 3) 2575 | -8/Garrison | Triggered checkpoint 2822 | -8/Garrison | Discovered new exit (range 5) 2855 | -8/Garrison | Triggered checkpoint 2914 | -8/Garrison | Garrison Relay disabled 2951 | -8/Garrison | Rescued a captive Derelict 3083 | -8/Garrison | Triggered checkpoint 3145 | -8/Garrison | Garrison Relay disabled 3239 | -8/Garrison | Discovered new exit (range 14) 3260 | -8/Garrison | Discovered new exit (range 36) 3260 | -8/Garrison | Discovered new exit (range 73) 3260 | -8/Garrison | Discovered new exit (range 7) 3625 | -8/Garrison | Spotted B-75 Beast 3883 | -8/Garrison | Build established: Mutant 4092 | -8/Garrison | Destroyed B-75 Beast 4336 | -8/Garrison | Attempted to access garrison exit controls, blocked by remote lockdown 4495 | -8/Garrison | Installed Relay Interface Framework 4523 | -8/Garrison | Entered Materials 4764 | -8/Materials | Core integrity fell below 50% 4802 | -8/Materials | Destroyed 7 combat bots 4904 | -8/Materials | Repaired Arm. Medium Treads 4923 | -8/Materials | First assault squad dispatched 5066 | -8/Materials | Core integrity fell below 20% 5078 | -8/Materials | Lost 4 parts (1n2u1w) 5131 | -8/Materials | Destroyed by G-50 Soldier with Backup Laser III Last Messages --------------- 05114_ K-01 Serf collects debris. 05114_ W-25 Informer distress signal jammed. 05116_ M-28 Smith fits Backup Laser III on G-47 Trooper. 05116_ W-25 Informer distress signal jammed. 05117_ K-01 Serf collects debris. 05118_ W-25 Informer distress signal jammed. 05119_ Slammed into M-28 Smith. 05119_ M-28 Smith distress signal jammed. 05119_ W-25 Informer distress signal jammed. 05120_ K-01 Serf collects debris. 05121_ Acquired 4 matter. 05124_ Rnf. Deuterium Engine destroyed. 05124_ G-47 Trooper suffers critical hit (Destroy). 05124_ Destroyed Aluminum Leg. 05125_ K-01 Serf collects debris. 05126_ Critical hit (Burn: +37). 05127_ HV Slug penetrates G-47 Trooper. 05127_ K-01 Serf destroyed. 05127_ G-47 Trooper destroyed. 05130_ W-25 Informer distress signal jammed. Map ----- +----------------------------------------------------+ | ?????????????????????????# """ #?????????????# | | ?????????????????????????# #?????????????# | | ?????????????????????????# #??########???# | | ?????????????????????????# #??# ????# | | ?????????????????????????# [#??# ?????# | | ?????????????????????????# """ #??# ??????# | | ?????????????????????????# "R [#??# #??????#=* | | ?????????????????????????# """ =#??# #??????# [] | | ?????????????????????????# """[ #??# #??????#=%* | | ?????????????????????????# * *#### ##?????##+# | | ????????????????????????#######+### #??#####=# | | ????????????????????????# %=% ######*=%# | | ????????????????????????+ *% %% % !!%=[ !!!# | | ????????????????????????#%=%[ ###### =[# | | ????????????????????????#% =####### #?#??#!= # | | ????????????????????????# = #?????#######????#! # | | ????????????????????????# [ #????????????????# # | | ????????????############# w ########??######## # | | ??????????# #??# # | | ??????????+ % #??# # | | ??????????# % #??# # | | ??????????####+###########g##### #??# ######## | | ?????????????????# ! % % # #??# ### | | ?????????????????# gg!! % # #??# # | | ?????????????????# """=%*= "" # #### # ] | | ?????????????????# "" "%@ """ # # ] | | ?????????????????# "" %"%" """ # # ] * | | ?????????????????# # # | | ?????????????????##################+### + = # | | ??????????????????????????????????????# ######## | | ??????????????????????????????????????# # """ "" | | ??????????????????????????????????????# # """ "" | | ??????????????????????????????????????# # """ "" | | ??????????????????????????????????????# # | | ??????????????????????????????????????# # ! | | ??????????????????????????????????????# + ! | | ??????????????????????????????????????# # ! | | ??????????????????????????????????????# # % | | ??????????????????????????????????????# ######## | | ??????????????????????????????????????# | | ??????????????????????????????????????# | | ??????????????????????????????????????# | | ??????????????????????????????????????############ | | ?????????????????????????????????????????????????? | | ?????????????????????????????????????????????????? | | ?????????????????????????????????????????????????? | | | | | | | | | +----------------------------------------------------+ Best States ------------- Heat Dissipation 55 Coolant Potential 80 Energy Generation 16 Energy Capacity 290 Matter Stores 300 Matter Capacity 300 Sight Range 16 Terrain Scan Range 16 Terrain Scan Density 110 Jamming Range 14 Armor Coverage 225 Weapon Shielding 33 Evasion (%) 55 Targeting Accuracy 5 Recoil Reduction 4 Offensive Hacking 14 Item Schematics ----------------- Magnetic Acceleration Cannon | -8/Materials | Scanalyzed Imp. Medium Treads | -8/Materials | Scanalyzed Robot Schematics ------------------ None Fabricated ------------ Nothing Alien Tech Used ----------------- None Achievements -------------- None Challenges ------------ None Game ------ Seed DynamicAluminumMachine Manual? 0 Play Time 01:17:23 Cumulative 109.9 hours Start 2024.04.20 @ 22:39:08 End 2024.04.21 @ 12:39:47 Sessions 1 Manual Loads 0 Difficulty Rogue Special Mode None Game No. 225 Rogue 225 Adventurer 0 Explorer 0 Win Type - Total 0 Types 0/0/0/0/0/0/0/0/0 Lore% 32 Gallery% 51 Achievement% 35 Wizard Run 0 Options --------- Layout 0 ASCII 0 Keyboard 1 Movement Numpad Keybinds 0 Fullscreen 2 Font 18/X11 Map View 76x50 Zoom Use 0% Tactical HUD 1 Map Filters NONE Filters NONE Steam 1 RUN: c579094a-2b1d-479b-ba63-ccf5036c5132